AoeStats
← yt536390

Arabian Desert

509939502Analyzed
1v1 RM · 4d ago on Sep 28, 2026· 16m 39s· 2 players
Game mode
Random Map
Map size
Tiny (2 player)
Population
200
Speed
Normal
Resources
Standard
Victory
Conquest
Starting age
Dark Age
Ending age
Imperial Age
RankedLock teamsTeams togetherTeam positionsShared explorationLock speedFull tech treeHidden civsTurbo modeCheats
Victory
Defeat
🇨🇳 Mongols · China
1856
+9
🇲🇽 Huns · Mexico
1696
-9
No Pauses
6:30 Loom
8:45 Feudal Age
10:26 Double-Bit Axe
yt536390
8:00 Feudal Age
8:02 Man-at-Arms
8:33 Loom
12:21 Double-Bit Axe
14:18 Horse Collar
Connection lost

Rejoining the realm…

Still unreachable

The connection could not be restored.

Session expired

The server has moved on; the page needs a fresh start.